 Dungeon Crawl Stone Soup version 0.30-a0-778-g2ef04afb54 (webtiles) character file.

Game seed: 14701418680232945051

86 Zenkrye the Poker (level 4, -3/35 HPs)
             Began as a Human Cinder Acolyte on Feb 15, 2023.
             Was a High Priest of Ignis.
             Slain by a gnoll
             ... wielding a +0 club
             ... led by a gnoll bouda
              (6 damage)
             ... on level 4 of the Dungeon.
             The game lasted 00:05:06 (2476 turns).

Zenkrye the Poker (Human Cinder Acolyte)            Turns: 2476, Time: 00:05:07

Health: -3/35      AC:  3    Str: 16    XL:     4   Next: 77%
Magic:  5/5        EV: 10    Int: 14    God:    Ignis [*****.]
Gold:   160        SH:  3    Dex:  9    Spells: 3/5 levels left

rFire   + . .      SeeInvis .    a - -1 spear (flame)
rCold   + . .      Faith    .    f - +0 buckler
rNeg    . . .      Spirit   .    b - +0 robe
rPois   .          Reflect  .    (no helmet)
rElec   .          Harm     .    h - +0 cloak
rCorr   .          Rampage  .    (no gloves)
Will    .....                    (no boots)
Stlth   +                        (no amulet)
HPRegen 0.25/turn                c - ring of protection from cold
MPRegen 0.09/turn                (no ring)

@: no status effects
A: no striking features
a: Renounce Religion, Fiery Armour, Foxfire Swarm, Rising Flame


You were on level 4 of the Dungeon.
You worshipped Ignis.
Ignis was extremely pleased with you.
You visited 1 branch of the dungeon, and saw 4 of its levels.

You collected 160 gold pieces.

Inventory:

Hand Weapons
 a - a -1 spear of flaming (weapon)
Missiles
 e - 3 javelins
 k - 6 silver javelins (quivered)
Armour
 b - a +0 robe (worn)
 f - a +0 buckler (worn)
 h - a +0 cloak (worn)
Jewellery
 c - a ring of protection from cold (left hand)
Scrolls
 d - a scroll of magic mapping {unknown}
 i - 2 scrolls of identify {@r1}
 n - 3 scrolls of teleportation {@r3}
Potions
 g - a potion of lignification {unknown}
 j - 2 potions of mutation {unknown}
 l - 3 potions of brilliance {unknown}
 m - a potion of attraction {unknown}
 o - a potion of heal wounds {unknown}


   Skills:
 - Level 3.0 Fighting
 + Level 4.0 Polearms
 + Level 1.3 Shields
 - Level 1.0 Spellcasting
 + Level 4.0 Fire Magic


You had 3 spell levels left.
You knew the following spells:

 Your Spells              Type           Power      Damage    Failure   Level
a - Scorch                Fire           22%        2d6       10%         2

Your spell library contained the following spells:

 Spells                   Type           Power      Damage    Failure   Level
 Apportation              Tloc           0%         N/A       34%         1
 Necrotise                Necr           0%         1d4       34%         1
 Summon Small Mammal      Summ           0%         N/A       34%         1


Dungeon Overview and Level Annotations

Branches:
Dungeon (4/15)
 Temple: D:4-7

Altars:
Hepliaklqana

Shops:
D:2 [

Annotations:
D:3 Terence


Message History

You hit the gnoll. You burn the gnoll.
The gnoll is moderately wounded.
The gnoll hits you with a +0 whip.
A gnoll comes into view. It is wielding a +0 flail.
The gnoll bouda calls upon its god to heal the gnoll.
The gnoll's wounds heal themselves!
You hit the gnoll. You burn the gnoll.
The gnoll is moderately wounded.
The gnoll hits you with a +0 whip.
The gnoll bouda gazes fiercely through you!
You feel your attacks grow feeble.
You barely miss the gnoll.
The gnoll is moderately wounded.
A jackal comes into view.
The gnoll hits you with a +0 whip. The gnoll hits you with a +0 whip!
The gnoll bouda closely misses you.
A jackal comes into view.
The gnoll attacks as you move away! The gnoll hits you with a +0 whip.
The gnoll bouda attacks as you move away!
You block the gnoll bouda's attack.
The gnoll bouda barks out a call to the hunt!
The gnolls pick up the pace!
Your attacks no longer feel as feeble.
The gnoll bouda gazes fiercely through you!
You feel your attacks grow feeble. The gnoll attacks as you move away!
The gnoll hits you with a +0 club. x2
* * * LOW HITPOINT WARNING * * *
The gnoll attacks as you move away! You block the gnoll's attack.
Your attacks no longer feel as feeble.
The gnoll barely misses you. The gnoll attacks as you move away!
The gnoll hits you but does no damage.
The gnoll bouda gazes fiercely through you!
You feel your attacks grow feeble. The gnoll attacks as you move away!
The gnoll hits you with a +0 club.
* * * LOW HITPOINT WARNING * * *
The gnoll hits you with a +0 club.
* * * LOW HITPOINT WARNING * * *
Your attacks no longer feel as feeble.
The gnoll attacks as you move away! The gnoll hits you with a +0 club.
You die...

#.g....# #.##>#.#
######### #g##.....
###.......# #h####.###
..#.#####.#####......#
#)#.......#....g######
#.........#.###.#
#.#.........#.#g###
).#.......#..#..@.#
###.......#.....#.# #
###############.#
######## ####.####
.......#######.......#
###.##......##.##)##<#
#.##......#......#.#
#..#......#......#..
#..#.................


You could see a gnoll bouda, 2 gnolls and a jackal.

Vanquished Creatures
  An orc wizard (D:3)
  2 dart slugs (D:1)
  4 orcs (D:3)
  10 bats
  3 endoplasms (D:1)
  5 giant cockroaches
  3 goblins
  5 hobgoblins
  A kobold (D:2)
  4 quokkas
  2 ball pythons (D:2)
  4 frilled lizards
  5 rats
49 creatures vanquished.

Vanquished Creatures (others)
  3 fungi (D:2)
  4 plants (D:2)
7 creatures vanquished.

Grand Total: 56 creatures vanquished

Notes
Turn   | Place    | Note
-------+----------+-------------------------------------------
     0 | D:1      | Zenkrye the Human Cinder Acolyte began the quest for the
                  | Orb.
     0 | D:1      | Reached XP level 1. HP: 18/18 MP: 2/2
   217 | D:1      | Reached XP level 2. HP: 24/24 MP: 3/3
   220 | D:1      | Learned a level 2 spell: Scorch
   462 | D:1      | Reached XP level 3. HP: 26/29 MP: 4/4
  1313 | D:2      | Found Jyapegacw's Armour Shop.
  1371 | D:2      | Found a hazy altar of Hepliaklqana.
  1635 | D:2      | Found a faded altar of an unknown god.
  1897 | D:3      | Reached XP level 4. HP: 35/35 MP: 5/5
  1980 | D:3      | Reached skill level 1 in Shields
  2322 | D:3      | Noticed Terence
  2476 | D:4      | Slain by a gnoll

Illustrated notes

Levels and vault maps discovered:
D:1:      sevenhm_arrival_forest_fort_small_3, layout_loops_corners
D:2:      layout_basic, shapermc_ecumenical_altar_mp_urbaneastern, basic_altar,
          serial_shops, nicolae_diamond_shop
D:3:      minmay_wonky_spiral, layout_basic, nicolae_ru_the_path_less_chosen,
          serial_rivers, chequers_serial_rivers_micro_d,
          chequers_serial_rivers_micro_b, chequers_serial_rivers_large_b,
          chequers_serial_rivers_small_b, chequers_serial_rivers_small_a,
          uniq_natasha, uniq_terence
D:4:      layout_loops_cross, lemuel_crystal_altar, gammafunk_ghost_icy

Skill      XL: |  1  2  3  4 |
---------------+-------------+-----
Polearms       | 4 |  4.0
Shields        | 1 |  1.3
Fire Magic     | 4 |  4.0
Fighting       | |  3.0
Spellcasting   | |  1.0

Action                     |  1- 3 |  4- 6 || total
---------------------------+-------+-------++-------
  Melee: Spear             |   124 |    40 ||   164
  Throw: Javelin           |       |     5 ||     5
   Cast: Scorch            |     1 |     2 ||     3
    Use: Scroll            |     5 |       ||     5
   Stab: Sleeping          |     1 |       ||     1
 Armour: Robe              |    25 |     9 ||    34
  Dodge: Dodged            |    44 |    17 ||    61
  Block: Buckler           |     2 |     4 ||     6

Table legend: (Time is in decaauts)
 A = Elapsed time spent in this place.
 B = Non-inter-level travel time spent in this place.
 C = Inter-level travel time spent in this place.
 D = Time resting spent in this place.
 E = Time spent auto-exploring this place.
 F = Levels seen in this place.
 G = Mean time per level.
                   A        B        C        D        E       F      G
               +--------+--------+--------+--------+--------+-----+--------+
         Total |   2495 |   2433 |     62 |    117 |   1893 |   4 |  623.8 |
       Dungeon |   2495 |   2433 |     62 |    117 |   1893 |   4 |  623.8 |
               +--------+--------+--------+--------+--------+-----+--------+

Top non-repeatable levels by time:
     D:1: 956 daAuts
     D:2: 714 daAuts
     D:3: 707 daAuts
     D:4: 116 daAuts
